 Dungeon Crawl Stone Soup version 0.28.0-45-g0d030f2227 (webtiles) character file.

Game seed: 13808504931669441154

104 pkoi the Gusty (level 4, -2/33 HPs)
             Began as a Demigod Air Elementalist on Apr 25, 2022.
             Slain by a bullfrog (8 damage)
             ... in a sewer.
             The game lasted 00:03:33 (3636 turns).

pkoi the Gusty (Demigod Air Elementalist)           Turns: 3636, Time: 00:03:33

Health: -2/33      AC:  2    Str:  9    XL:     4   Next: 28%
Magic:  2/9        EV: 12    Int: 21    God:
Gold:   110        SH:  0    Dex: 14    Spells: 0/6 levels left

rFire   + . .      SeeInvis .   b - staff of fire
rCold   . . .      Faith    .   (no shield)
rNeg    . . .      Spirit   .   a - +0 robe
rPois   .          Reflect  .   (no helmet)
rElec   .          Harm     .   (no cloak)
rCorr   .          Rampage  .   (no gloves)
Will    .....                   (no boots)
Stlth   ++........              (no amulet)
HPRegen 0.11/turn               (no ring)
MPRegen 0.11/turn               (no ring)

@: no status effects
A: high MP 1, forlorn, divine attributes
a: no special abilities


You were in a sewer.
You visited 1 branch of the dungeon, and saw 3 of its levels.
You also visited: Sewer.

You collected 110 gold pieces.

Inventory:

Hand Weapons
 c - a +0 dagger
 d - a +0 dagger
Armour
 a - a +0 robe (worn)
Magical Staves
 b - a staff of fire (weapon)
Scrolls
 h - a scroll of identify
 j - a scroll of holy word
Potions
 f - a potion of invisibility
 g - 2 potions of haste {unknown}


   Skills:
 + Level 0.0 Fighting
 + Level 1.8 Dodging
 - Level 1.7 Stealth
 + Level 1.8 Spellcasting
 - Level 0.8 Conjurations
 * Level 4.8 Air Magic


You couldn't memorise any spells.
You knew the following spells:

 Your Spells              Type           Power      Damage    Failure   Level
a - Shock                 Conj/Air       52%        1d6       4%          1
b - Static Discharge      Conj/Air       13%        N/A       7%          2
c - Swiftness             Air            22%        N/A       6%          3

Your spell library contained the following spells:

 Spells                   Type           Power      Damage    Failure   Level
 Airstrike                Air            11%        N/A       21%         4


Dungeon Overview and Level Annotations

Branches:
Dungeon (3/15)              Sewer (1/1)


Innate Abilities, Weirdness & Mutations

You have an increased reservoir of magic. (+10% MP)
You shall have no god before yourself.
Your divine heritage dramatically boosts your attributes as you level up.


Message History

The bullfrog is moderately wounded.
The lightning grounds out.
The bullfrog closely misses you. The bullfrog barely misses you.
Unknown command.
Unknown command.
Casting: Static Discharge (safe; 7% risk of failure)
Confirm with . or Enter, or press ? or * to list all spells.
The bullfrog is struck by an arc of lightning!
The bullfrog is heavily wounded.
You are struck by an arc of lightning.
The lightning grounds out.
The bullfrog hits you.
* * * LOW HITPOINT WARNING * * *
Casting: Static Discharge (safe; 7% risk of failure)
Confirm with . or Enter, or press ? or * to list all spells.
The bullfrog is struck by an arc of lightning!
The bullfrog is almost dead.
You are struck by an arc of lightning.
* * * LOW HITPOINT WARNING * * *
The lightning grounds out.
The bullfrog hits you.
* * * LOW HITPOINT WARNING * * *
The bullfrog hits you but does no damage.
You closely miss the bullfrog.
The bullfrog is almost dead.
The bullfrog hits you!
* * * LOW HITPOINT WARNING * * *
You closely miss the bullfrog.
The bullfrog is almost dead.
The bullfrog hits you.
* * * LOW HITPOINT WARNING * * *
The bullfrog hits you but does no damage.
You closely miss the bullfrog.
The bullfrog is almost dead.
The bullfrog barely misses you. The bullfrog hits you.
* * * LOW HITPOINT WARNING * * *
Aiming: Shock (safe; 4% risk of failure)
Press: ? - help, Q - select action, (/) - cycle Shift-Dir - straight line, f - bullfrog
Aim: a bullfrog (almost dead, 60% to hit)
The zap misses the bullfrog.
The bullfrog hits you!
You die...

#######################
#.......≈≈≈.≈.≈≈≈.....##
#.≈≈≈≈≈≈≈≈≈≈≈≈≈≈≈≈≈≈≈..#
#.≈≈≈≈≈≈≈≈≈≈≈≈≈≈≈≈≈≈≈≈.#
#≈≈≈≈≈≈≈≈≈≈≈≈≈≈≈≈≈≈≈≈≈.#
#≈≈≈≈.≈≈≈≈≈≈≈≈≈F@.≈≈≈≈.#
#≈########≈≈≈≈≈≈≈≈.≈≈≈.#
#≈# #≈≈≈≈≈≈≈≈≈.≈≈≈.# #≈#
#≈≈≈≈≈≈≈≈≈≈≈≈≈≈.# #≈#
#≈≈≈≈≈≈≈≈≈≈≈≈≈≈.# #†#
#≈≈≈≈≈≈≈≈≈≈≈≈≈≈≈.# #≈#
#≈≈∩.≈≈≈.≈≈≈≈≈≈≈.# #.#
#≈≈.....≈.≈≈≈≈≈≈.# #.#
≈≈≈≈≈.≈≈≈≈≈≈≈≈≈≈.#


You could see a bullfrog.

Vanquished Creatures
  3 adders
  A worm (D:2)
  5 endoplasms (D:1)
  8 giant cockroaches
  6 goblins
  A hobgoblin (D:2)
  7 kobolds
  7 quokkas
  11 ball pythons
  5 bats
  12 frilled lizards
  8 rats
74 creatures vanquished.

Notes
Turn   | Place    | Note
-------+----------+-------------------------------------------
     0 | D:1      | pkoi the Demigod Air Elementalist began the quest for the
                  | Orb.
     0 | D:1      | Reached XP level 1. HP: 14/14 MP: 5/5
   110 | D:1      | Reached skill level 3 in Air Magic
   336 | D:1      | Reached XP level 2. HP: 20/20 MP: 5/7
  1507 | D:2      | Reached XP level 3. HP: 26/26 MP: 6/8
  1542 | D:2      | Reached skill level 4 in Air Magic
  2819 | D:3      | Found a glowing drain.
  2823 | Sewer    | Entered a sewer
  2832 | Sewer    | Learned a level 2 spell: Static Discharge
  3148 | Sewer    | Reached XP level 4. HP: 33/33 MP: 4/9
  3385 | Sewer    | Learned a level 3 spell: Swiftness
  3625 | Sewer    | Noticed a bullfrog
  3636 | Sewer    | Slain by a bullfrog

Illustrated notes

Levels and vault maps discovered:
D:1:      scummos_arrival_forest, layout_basic, chequers_serial_rivers_room_b
D:2:      layout_basic, basic_altar, hellmonk_ecumenical_altar_arch_garden
D:3:      layout_loops_ring, gammafunk_temple_overflow_statue,
          gammafunk_ghost_cemetery, gup_sewer_entry_bowl,
          kennysheep_generic_room_10, uniq_sigmund, uniq_jessica
Sewer:    sewer_frog_island_01

Skill      XL: |  1  2  3 |
---------------+----------+-----
Air Magic      | 3 4 |  4.8
Dodging        | |  1.8
Stealth        | |  1.7
Spellcasting   | |  1.8
Conjurations   | |  0.8

Action                   |  1- 3 |  4- 6 || total
-------------------------+-------+-------++-------
Melee: Staff             |     5 |    18 ||    23
 Cast: Shock             |   117 |    19 ||   136
       Static Discharge  |       |     3 ||     3
  Use: Scroll            |     4 |       ||     4
Armor: Robe              |     9 |     6 ||    15
Dodge: Dodged            |    21 |    14 ||    35
